 Dungeon Crawl Stone Soup version 0.31-a0-1338-gb567cfdca4 (webtiles) character file.

Game seed: 274201777697512600

8376 TheScarfBastard the Cleaver (level 11, 0/101 HPs)
             Began as a Minotaur Berserker on Dec 22, 2023.
             Was a High Priest of Trog.
             Slain by a cyclops (25 damage)
             ... on level 11 of the Dungeon.
             The game lasted 00:25:40 (8749 turns).

TheScarfBastard the Cleaver (Minotaur Berserker)    Turns: 8749, Time: 00:25:41

Health: 0/101      AC: 12    Str: 26    XL:     11   Next: 9%
Magic:  10/10      EV: 13    Int:  4    God:    Trog [*****.]
Gold:   544        SH:  0    Dex: 10    Spells: 10/10 levels left

rFire   . . .        s - +1 war axe (flame)
rCold   + . .        B - orb {light}
rNeg    . . .        i - +2 ring mail {rC+}
rPois   .            (helmet restricted)
rElec   .            j - +0 cloak
rCorr   +            z - +1 pair of gloves
SInv    .            (no boots)
Will    .....        (no amulet)
Stlth   +            w - ring of resist corrosion
HPRegen 0.36/turn    (no ring)
MPRegen 0.12/turn

%: no passive effects
@: glowing
A: horns 2, retaliatory headbutt
a: Renounce Religion, Berserk, Trog's Hand, Brothers in Arms


You were on level 11 of the Dungeon.
You worshipped Trog.
Trog was extremely pleased with you.
You visited 1 branch of the dungeon, and saw 11 of its levels.

You collected 544 gold pieces.

Inventory:

Hand Weapons
 a - a +2 spectral hand axe
 d - a +2 heavy spear
 o - a +3 flail
 r - the +1 mace "Orb Guardian's Regret" {freeze, Fly rF+ Str-5 Int+3}
   (You found it on level 3 of the Dungeon)

   Str-5:     It affects your strength (-5).
   Int+3:     It affects your intelligence (+3).
   rF+:       It protects you from fire.
   Fly:       It grants you flight.
 s - a +1 war axe of flaming (weapon)
Missiles
 h - a throwing net
Armour
 b - a +0 animal skin
 f - a +0 ring mail
 i - a +2 ring mail of cold resistance (worn)
 j - a +0 cloak (worn)
 m - a +0 pair of gloves
 z - a +1 pair of gloves (worn)
 B - an orb of light (worn)
 Q - the +3 hat of Pondering {ponderous, Will+ MP+10 Int+5}
   (You took it off Gastronok on level 9 of the Dungeon)

   Int+5:     It affects your intelligence (+5).
   Will+:     It increases your willpower.
   MP+10:     It affects your magic capacity (+10).
Jewellery
 w - a ring of resist corrosion (left hand)
 y - a ring of fire
 J - a ring of fire
Talismans
 D - a flux talisman
Wands
 k - a wand of light (7)
 t - a wand of polymorph (13)
 G - a wand of mindburst (12)
 L - a wand of iceblast (6)
 M - a wand of flame (20)
Scrolls
 g - 4 scrolls of fog
 u - 4 scrolls of noise
 A - 2 scrolls of butterflies
 C - a scroll of blinking {unknown}
 H - a scroll of teleportation
 I - a scroll of immolation
 K - 2 scrolls of revelation
 N - a scroll of fear
 P - a scroll of enchant armour {unknown}
Potions
 c - a potion of haste {unknown}
 e - 3 potions of attraction
 l - a potion of ambrosia {unknown}
 n - a potion of heal wounds {unknown}
 p - a potion of curing {unknown}
 q - a potion of brilliance {unknown}
 v - 2 potions of degeneration
 x - a potion of might
 E - 3 potions of enlightenment
 F - a potion of cancellation {unknown}
 O - a potion of invisibility {unknown}


   Skills:
 + Level 10.6 Fighting
 + Level 14.7 Axes
 + Level 8.3 Armour
 + Level 6.6 Dodging
 + Level 1.7 Stealth


You had 10 spell levels left.
You didn't know any spells.
Your spell library was empty.

Dungeon Overview and Level Annotations

Branches:
Dungeon (11/15)            Temple (0/1) D:4            Lair (0/5) D:8
    Orc: D:9-12

Altars:
Cheibriados
Elyvilon
Gozag
Hepliaklqana
Ru
Trog


Innate Abilities, Weirdness & Mutations

You have a pair of horns on your head.
You reflexively headbutt those who attack you in melee.


Message History

The lava snake hisses angrily.
The lava snake spits lava at you. The glob of lava misses you.
The lava snake spits lava at you. The glob of lava misses you.
The lava snake spits lava at you. The glob of lava misses you.
You slice the lava snake!!
You kill the lava snake!
Trog accepts your kill. Why would you want to do that?
Why would you want to do that?
You hear the faint creaking of a very distant portcullis.
There is a stone staircase leading down here.
You climb downwards.
Found 2 gold pieces.
There is a stone staircase leading up here.
Found a curved jewelled staff.
You now have 544 gold pieces (gained 2).
HP restored.
You see here a staff of air.
A cyclops comes into view.
The cyclops throws a large rock.
The large rock hits you!!
The cyclops throws a large rock.
The large rock hits you!!! The cyclops hits you!!
* * * LOW HITPOINT WARNING * * *
You hit the cyclops. You burn the cyclops.
The cyclops is lightly wounded.
The cyclops barely misses you.
You hit the cyclops. You burn the cyclops.
The cyclops is lightly wounded.
You slash the cyclops! You burn the cyclops. You headbutt the cyclops!
The cyclops is heavily wounded.
The cyclops hits you but does no damage.
You hit the cyclops. You burn the cyclops.
The cyclops is severely wounded.
You hit the cyclops but do no damage.
The cyclops is severely wounded.
The cyclops hits you!!
You die...

#.# #.# #.#
#.# #.# #
#.####.#
#......#
###.#######
#....@C.#
#.#####......
#.# ##### #..
#.# #!# #..
###


You could see a cyclops.

Vanquished Creatures
  Gastronok (D:9)
  An ugly thing (D:9)
  A cyclops (D:9)
  Maurice (D:7)
  An elephant (D:8)
  Joseph (D:8)
  A komodo dragon (D:8)
  A wyvern (D:9)
  A yak (D:8)
  Grum (D:8)
  A steam dragon (D:8)
  Menkaure (D:5)
  3 water moccasins
  3 acid dragons (D:9)
  4 ice beasts
  An orc warrior (D:9)
  2 black bears
  A sky beast (D:7)
  5 centaurs
  4 wolves (D:8)
  An ogre (D:5)
  2 phantoms
  A kobold brigand (D:9)
  7 bullfrogs
  4 gnoll sergeants
  2 scorpions
  A wight (D:9)
  2 killer bees (D:9)
  4 howler monkeys
  A lava snake (D:10)
  A gnoll bouda (D:7)
  5 hounds
  2 jellies
  2 iguanas
  3 sleepcaps
  Terence (D:3)
  4 orc wizards
  43 gnolls
  5 adders
  2 shadow imps (D:5)
  2 bombardier beetles
  4 worms
  5 dart slugs
  30 orcs
  6 bats
  8 endoplasms
  4 giant cockroaches
  8 goblins
  8 hobgoblins
  11 jackals (D:3)
  8 quokkas
  13 ball pythons
  6 frilled lizards
  8 kobolds
  8 rats
257 creatures vanquished.

Notes
Turn   | Place    | Note
-------+----------+-------------------------------------------
     0 | D:1      | TheScarfBastard the Minotaur Berserker began the quest for
                  | the Orb.
     0 | D:1      | Reached XP level 1. HP: 19/19 MP: 0/0
   244 | D:1      | Reached XP level 2. HP: 27/27 MP: 1/1
   317 | D:1      | Reached skill level 4 in Axes
   745 | D:1      | Reached XP level 3. HP: 28/33 MP: 2/2
  1293 | D:2      | Reached ** piety under Trog
  1702 | D:2      | Reached XP level 4. HP: 39/41 MP: 3/3
  2027 | D:3      | Found a faded altar of an unknown god.
  2115 | D:3      | Reached skill level 5 in Axes
  2153 | D:3      | Noticed a bullfrog
  2157 | D:3      | Killed a bullfrog
  2158 | D:3      | Reached XP level 5. HP: 42/47 MP: 4/4
  2292 | D:3      | Reached skill level 5 in Fighting
  2298 | D:3      | Reached skill level 6 in Axes
  2302 | D:3      | Reached XP level 6. HP: 56/56 MP: 5/5
  2500 | D:3      | Reached *** piety under Trog
  2544 | D:3      | Reached skill level 7 in Axes
  2707 | D:3      | Reached XP level 7. HP: 61/61 MP: 6/6
  3106 | D:3      | Noticed Terence
  3116 | D:3      | Killed Terence
  3209 | D:3      | Identified the +1 mace "Orb Guardian's Regret" {freeze, Fly
                  | rF+ Str-5 Int+3}
  3606 | D:4      | Reached skill level 8 in Axes
  3791 | D:4      | Reached **** piety under Trog
  3985 | D:4      | Found a staircase to the Ecumenical Temple.
  4389 | D:5      | Entered Level 5 of the Dungeon
  4398 | D:5      | Reached skill level 5 in Armour
  4398 | D:5      | Reached XP level 8. HP: 64/71 MP: 7/7
  4429 | D:5      | Reached skill level 9 in Axes
  4578 | D:5      | Noticed Menkaure
  4585 | D:5      | Killed Menkaure
  5086 | D:5      | Reached skill level 10 in Axes
  5271 | D:6      | Reached ***** piety under Trog
  5539 | D:6      | Reached XP level 9. HP: 79/79 MP: 8/8
  5672 | D:6      | Noticed a moth of wrath
  5676 | D:6      | Found a bloodstained altar of Trog.
  6009 | D:7      | Found an opulent altar of Gozag.
  6043 | D:7      | Reached skill level 11 in Axes
  6307 | D:7      | Found a snail-covered altar of Cheibriados.
  6559 | D:7      | Found a hazy altar of Hepliaklqana.
  6565 | D:7      | Found a sacrificial altar of Ru.
  6571 | D:7      | Found a white marble altar of Elyvilon.
  6795 | D:7      | Noticed Maurice
  6797 | D:7      | Maurice stole a +2 spectral hand axe
  6802 | D:7      | Killed Maurice
  6803 | D:7      | Reached skill level 5 in Dodging
  7171 | D:8      | Reached skill level 12 in Axes
  7171 | D:8      | Reached skill level 1 in Stealth
  7196 | D:8      | Noticed Grum
  7220 | D:8      | Killed Grum
  7472 | D:8      | Noticed Joseph
  7483 | D:8      | Killed Joseph
  7526 | D:8      | Reached XP level 10. HP: 90/90 MP: 9/9
  7556 | D:8      | Noticed an elephant
  7566 | D:8      | Reached skill level 13 in Axes
  7568 | D:8      | Killed an elephant
  7738 | D:8      | Found a staircase to the Lair.
  8005 | D:9      | Noticed Gastronok
  8013 | D:9      | Killed Gastronok
  8014 | D:9      | Reached skill level 14 in Axes
  8318 | D:9      | Reached skill level 10 in Fighting
  8321 | D:9      | Noticed a cyclops
  8324 | D:9      | Noticed a cyan ugly thing
  8332 | D:9      | Killed a cyclops
  8336 | D:9      | Killed a cyan ugly thing
  8342 | D:9      | Reached XP level 11. HP: 84/101 MP: 10/10
  8581 | D:10     | Entered Level 10 of the Dungeon
  8749 | D:11     | Slain by a cyclops

Illustrated notes

Levels and vault maps discovered:
D:1:      mushboom_english_gardens, layout_loops_corners
D:2:      layout_loops_ring, chequers_decorated_corner
D:3:      lemuel_castle_with_subvaults [lemuel_castle_interior_original],
          layout_basic, hellmonk_ecumenical_altar_heavens_door,
          minmay_liquid_box, glass_columns_a, kennysheep_generic_room_8,
          uniq_terence
D:4:      layout_basic, minmay_temple_entry_slanted, hangedman_decor_push,
          hex_medium
D:5:      layout_gridville, uniq_menkaure
D:6:      layout_loops_ring, tgw_trog
D:7:      layout_loops_corners, mainiacjoe_overflow_cross_hatched,
          grunt_gozag_statues, minmay_overflow_temple_star_quad, uniq_maurice
D:8:      layout_rooms, mainiacjoe_overflow_alcove_2,
          grunt_lair_entry_orc_guard_hut, ebering_dispersal_statue_hall,
          uniq_joseph, uniq_grum
D:9:      cheibrodos_fzero, layout_stronghold,
          mainiacjoe_overflow_surrounded_room, minivault_19, uniq_gastronok
D:10:     erik_rubicon_a, layout_cave_pools, led_sif_book,
          lightli_bailey_entry_fortress, uniq_maggie
D:11:     layout_loops_cross, minmay_fountain_box

Skill      XL: |  1  2  3  4  5  6  7  8  9 10 |
---------------+-------------------------------+-----
Axes           | 4 5 6 7 8 10 12 14 | 14.7
Fighting       | 4 5 6 7 8 10 | 10.6
Armour         | 3 4 5 6 7 8 |  8.3
Dodging        | 3 4 5 6 |  6.6
Stealth        | 1 |  1.7

Action                     |  1- 3 |  4- 6 |  7- 9 | 10-12 || total
---------------------------+-------+-------+-------+-------++-------
  Melee: Hand axe          |   106 |   115 |    56 |       ||   277
         Headbutt          |    12 |    23 |    52 |    32 ||   119
         War axe           |       |       |   188 |    93 ||   281
         Punch             |       |       |     2 |       ||     2
 Invoke: Berserk           |       |     2 |     3 |     3 ||     8
    Use: Scroll            |     3 |     4 |     8 |     1 ||    16
         Potion            |       |       |       |     1 ||     1
 Armour: Animal skin       |    31 |       |       |       ||    31
         Ring mail         |    34 |    80 |   184 |    77 ||   375
  Dodge: Dodged            |    64 |    75 |   153 |    67 ||   359

Table legend: (Time is in decaauts)
 A = Elapsed time spent in this place.
 B = Non-inter-level travel time spent in this place.
 C = Inter-level travel time spent in this place.
 D = Time resting spent in this place.
 E = Time spent auto-exploring this place.
 F = Levels seen in this place.
 G = Mean time per level.
                   A        B        C        D        E       F      G
               +--------+--------+--------+--------+--------+-----+--------+
         Total |   8826 |   8476 |    350 |      0 |   6001 |  11 |  802.4 |
       Dungeon |   8826 |   8476 |    350 |      0 |   6001 |  11 |  802.4 |
               +--------+--------+--------+--------+--------+-----+--------+

Top non-repeatable levels by time:
     D:3: 1544 daAuts
     D:1: 1133 daAuts
     D:7: 1090 daAuts
     D:4: 974 daAuts
     D:5: 870 daAuts
     D:2: 801 daAuts
     D:8: 761 daAuts
     D:9: 745 daAuts
     D:6: 737 daAuts
    D:11: 91 daAuts
    D:10: 74 daAuts
